 Dungeon Crawl Stone Soup version 0.29.1-12-g30fa7ad0bf (webtiles) character file.

Game seed: 4314012865959906646

9 hawla the Firebug (level 2, 0/20 HPs)
             Began as a Meteoran Fire Elementalist on Jan 8, 2023.
             Slain by a goblin
             ... wielding a +0 dagger
              (3 damage)
             ... on level 1 of the Dungeon.
             The game lasted 00:01:10 (128 turns).

hawla the Firebug (Meteoran Fire Elementalist)       Turns: 128, Time: 00:01:11

Health: 0/20       AC:  2    Str:  9    XL:     2   Next: 41%
Magic:  2/7        EV: 12    Int: 16    God:
Gold:   0          SH:  0    Dex: 14    Spells: 4/7 levels left

rFire   . . .      SeeInvis .   (no weapon)
rCold   . . .      Faith    .   (no shield)
rNeg    . . .      Spirit   .   a - +0 robe
rPois   .          Reflect  .   (no helmet)
rElec   .          Harm     .   (no cloak)
rCorr   .          Rampage  .   (no gloves)
Will    .....                   (no boots)
Stlth   +.........              (no amulet)
HPRegen 0.06/turn               (no ring)
MPRegen 0.10/turn               (no ring)

@: glowing
A: sense surroundings 1, otherworldly, glowing, explore regen
a: no special abilities


You were on level 1 of the Dungeon.
You visited 1 branch of the dungeon, and saw 1 of its levels.

Inventory:

Armour
 a - a +0 robe (worn)
Scrolls
 d - a scroll of vulnerability {unknown}
Potions
 b - a potion of magic
 c - 2 potions of curing {unknown}


   Skills:
 + Level 2.6 Dodging
 - Level 1.4 Stealth
 + Level 3.1 Spellcasting
 + Level 1.2 Conjurations
 + Level 3.9 Fire Magic


You had 4 spell levels left.
You knew the following spells:

 Your Spells              Type           Power      Damage    Failure   Level
a - Foxfire               Conj/Fire      40%        2x1d6     6%          1
b - Scorch                Fire           30%        2d7       5%          2

Your spell library contained the following spells:

 Spells                   Type           Power      Damage    Failure   Level
 Conjure Flame            Conj/Fire      10%        6-21      19%         3
 Inner Flame              Hex/Fire       8%         N/A       24%         3
 Ensorcelled Hibernation  Hex/Ice        4%         N/A       28%         2
 Spider Form              Tmut/Pois      2%         N/A       50%         3
 Flame Wave               Conj/Fire      10%        2d6       54%         4
 Anguish                  Hex/Necr       1%         N/A       88%         4


Dungeon Overview and Level Annotations

Branches:
Dungeon (1/15) Zot: 471

Altars:


Innate Abilities, Weirdness & Mutations

You passively map a small area around you.
You are easily found by Zot.
You glow in the dark.
You regain HP and MP as you explore.


Message History

The goblin shouts!
The jackal closely misses you. x2
Found a red potion.
The jackal closely misses you.
There is an open door here.
Casting: Foxfire (safe; 6% risk of failure)
Confirm with . or Enter, or press ? or * to list all spells.
You conjure some foxfire!
The jackal bites you. x2
The jackal barely misses you.
The foxfire hits the hobgoblin.
The hobgoblin is almost dead.
The jackal bites you but does no damage.
The foxfire hits the hobgoblin.
You kill the hobgoblin!
The frilled lizard hisses.
The endoplasm closely misses you. The goblin hits you with a +0 dagger.
You see here a hobgoblin corpse.
The endoplasm attacks as you move away!
The endoplasm hits you but does no damage.
The jackal closely misses you. The goblin barely misses you.
The endoplasm attacks as you move away!
The endoplasm hits you but does no damage.
The jackal attacks as you move away! The jackal misses you.
The rat twitches its whiskers.
You open the door.
The jackal bites you but does no damage.
The endoplasm freezes you.
You are frozen.
* * * LOW HITPOINT WARNING * * *
The rat bites you.
* * * LOW HITPOINT WARNING * * *
Found 7 gold pieces.
Casting: Foxfire (safe; 6% risk of failure)
Confirm with . or Enter, or press ? or * to list all spells.
You conjure some foxfire!
The jackal closely misses you.
The foxfire hits the jackal.
The jackal is severely wounded.
The rat bites you but does no damage. The endoplasm hits you.
* * * LOW HITPOINT WARNING * * *
The goblin hits you with a +0 dagger.
You die...

* ##.##.##.. * * ,
#.####.# ,#* #
#......# , *
######'##* *
##.†.## ##.....##
** ##l......# , ,
...####rJ.......#
,
..$...v@.h...!..+
, ,*
...####hg.......#*
, , , , *
##.......## * *
##.....## , , , ,
##...## , , ,
*#+## *


You could see an endoplasm, 2 jackals, a goblin, a frilled lizard and a rat
(ally target).

Vanquished Creatures
  A goblin (D:1)
  2 hobgoblins (D:1)
  2 jackals (D:1)
  A quokka (D:1)
  2 ball pythons (D:1)
8 creatures vanquished.

Vanquished Creatures (others)
  15 foxfires (D:1)
15 creatures vanquished.

Grand Total: 23 creatures vanquished

Notes
Turn   | Place    | Note
-------+----------+-------------------------------------------
     0 | D:1      | hawla the Meteoran Fire Elementalist began the quest for
                  | the Orb.
     0 | D:1      | Reached XP level 1. HP: 14/14 MP: 5/5
    81 | D:1      | Reached XP level 2. HP: 11/20 MP: 1/7
    84 | D:1      | Learned a level 2 spell: Scorch
   128 | D:1      | Slain by a goblin

Illustrated notes

Levels and vault maps discovered:
D:1:      matt_arrival_spirals, layout_loops_corners,
          ebering_ecumenical_altar_hall, minivault_5

Skill      XL: |  1 |
---------------+----+-----
Spellcasting   | 3 |  3.1
Dodging        | |  2.6
Stealth        | |  1.4
Conjurations   | |  1.2
Fire Magic     | |  3.9

Action                   || total
-------------------------++-------
Melee: Unarmed           ||     1
 Cast: Foxfire           ||    11
Armor: Robe              ||     9
Dodge: Dodged            ||    25
